 Dungeon Crawl Stone Soup version 0.21-a0-273-g0785366 (webtiles) character file.

3503 nikopol the Thaumaturge (level 9, 0/47 HPs)
             Began as a Deep Elf Fire Elementalist on Sept 17, 2017.
             Was an Initiate of Vehumet.
             Slain by a bullfrog (7 damage)
             ... on level 6 of the Dungeon.
             The game lasted 00:51:29 (8179 turns).

nikopol the Thaumaturge (DEFE)                      Turns: 8179, Time: 00:51:30

Health: 0/47       AC:  7    Str:  5    XL:     9   Next: 80%
Magic:  9/26       EV: 15    Int: 24    God:    Vehumet [......]
Gold:   289        SH:  0    Dex: 15    Spells: 19/30 levels left

rFire    + . .     SeeInvis .   q - +1 dagger (protect)
rCold    x . .     Gourm    .   (no shield)
rNeg     . . .     Faith    .   a - +0 robe
rPois    .         Spirit   .   x - +0 helmet
rElec    .         Reflect  .   (no cloak)
rCorr    .         Harm     .   (no gloves)
MR       .....                  (no boots)
Stlth    +++.......             (no amulet)
HPRegen  0.15/turn              r - +4 ring of protection
MPRegen  0.20/turn              D - ring of fire

@: very slightly contaminated
A: no striking features
a: Renounce Religion


You were on level 6 of the Dungeon.
You worshipped Vehumet.
Vehumet was noncommittal.
You were hungry.

You visited 1 branch of the dungeon, and saw 7 of its levels.
You also visited: Sewer and Ossuary.

You collected 391 gold pieces.
You spent 102 gold pieces at shops.

Inventory:

Hand Weapons
 e - a +0 dagger
 q - a +1 dagger of protection (weapon)
Armour
 a - a +0 robe (worn)
 x - a +0 helmet (worn)
Jewellery
 r - a +4 ring of protection (left hand)
 B - an uncursed ring of positive energy
 D - a ring of fire (right hand)
 E - a +4 ring of slaying
Wands
 g - a wand of paralysis (14/24)
 y - a wand of polymorph (5/24)
 G - a wand of iceblast (7/15)
Scrolls
 h - a scroll of noise {unknown}
 i - 5 scrolls of remove curse
 l - 3 scrolls of teleportation {unknown}
 o - 2 scrolls of magic mapping
 s - 2 scrolls of recharging {unknown}
 t - 2 scrolls of enchant weapon {unknown}
 v - a scroll of fear {unknown}
 z - a scroll of vulnerability {unknown}
 F - a scroll of brand weapon {unknown}
 I - a scroll of identify
Potions
 f - a potion of berserk rage
 m - 4 potions of heal wounds
 n - 6 potions of haste
 p - 3 potions of brilliance
 u - a potion of mutation
 w - a potion of flight
 A - 2 potions of curing
 C - 2 potions of lignification
Books
 b - a book of Flames

   Spells                             Type                      Level
   a - Flame Tongue                   Conjuration/Fire             1
   b - Throw Flame                    Conjuration/Fire             2
   c - Conjure Flame                  Conjuration/Fire             3
   d - Inner Flame                    Hexes/Fire                   3
   e - Sticky Flame                   Conjuration/Fire             4
   f - Fireball                       Conjuration/Fire             5
Comestibles
 c - a bread ration
 d - 5 meat rations
 j - 4 royal jellies
 k - 12 fruits
 H - 5 chunks of flesh


   Skills:
 + Level 1.4 Fighting
 + Level 1.9 Short Blades
 + Level 5.2 Dodging
 + Level 3.7 Stealth
 + Level 11.0 Spellcasting
 + Level 7.5 Conjurations
 + Level 8.5 Fire Magic
 + Level 0.9 Evocations


You had 19 spell levels left.
You knew the following spells:

 Your Spells              Type           Power        Failure   Level  Hunger
a - Flame Tongue          Conj/Fire      #####        1%          1    None
b - Throw Flame           Conj/Fire      ######       1%          2    None
c - Conjure Flame         Conj/Fire      ######..     1%          3    None
d - Fireball              Conj/Fire      ######....   4%          5    ####...


Dungeon Overview and Level Annotations

Branches:
Dungeon (7/15)             Temple (0/1) D:6

Altars:
Fedhas
Okawaru
Uskayaw
Vehumet
Xom
The Shining One

Shops:
D:4 *[[?

Annotations:
D:6 Duvessa


Message History

Duvessa closely misses you.
Something unseen opens the door.
The bullfrog misses you.
You hear a croak.
Found a viscous silvery potion.
There is a stone staircase leading up here.
Duvessa hits you with a short sword. The bullfrog barely misses you.
Duvessa hits you with a short sword!
* * * LOW HITPOINT WARNING * * *
The bullfrog hits you but does no damage.
You climb upwards.
There is a stone staircase leading down here.
Okay, then.
Evoke which item? (* to show all) (? for menu, Esc to quit)
Aiming: Polymorph (will waste charges)
Press: ? - help, Shift-Dir - straight line, f - Duvessa
Aim: Duvessa, wielding a short sword and wearing a scale mail (moderately wounded, berserk, fast, unusually strong, chance to defeat MR: 31%) Duvessa evaporates and reforms as a tengu!
Evoking this partially-identified wand wasted a few charges.
The bullfrog hits you!
You die...

...# #.........#
#..._...### #..#
#.#######.# #..#.#.....
#..###.#### #.#
#.##....... #.........#
#.# #.##..#....
##.###.##.####.###
#....(..###
.......##......<.#
#.#)....# #
...###########.#.#
#))#..#.# # ####
#.#Q######[#...#.###
#.#@##[...##.##.#...
#.#.F..(..##.##.##.#
##.####....#.........
####...###.##...........
#....#....>####..⌠...⌠..
#.##...##...###.........
#.###..............>....
#.#######...###.........
#......###.####..⌠.).⌠..


You could see a bullfrog and Duvessa the tengu.

Vanquished Creatures
  Pikel (D:7)
  Prince Ribbit (D:5)
  A water moccasin (D:6)
  An orc warrior (D:6)
  An ice beast (D:6)
  Purgy (Sewer)
  2 phantoms
  3 slaves (D:7)
  2 ogres
  3 centaurs
  An elf zombie (Ossuary)
  3 bullfrogs
  A gnoll sergeant (D:6)
  3 scorpions
  Dowan (D:7)
  5 killer bees (D:6)
  3 howler monkeys
  A crimson imp (D:6)
  2 centaur zombies
  2 human zombies (Ossuary)
  2 orc priests
  3 hounds
  A bullfrog skeleton (D:6)
  5 orc wizards
  2 iguanas
  3 worker ants
  A hound zombie (D:7)
  A hound skeleton (D:6)
  3 mummies
  Robin (D:4)
  3 gnolls (D:6)
  15 adders
  An ooze (D:3)
  2 adder zombies
  3 worms
  A dart slug (D:2)
  4 leopard geckos
  26 orcs
  13 ball pythons
  3 giant cockroaches
  14 goblins
  9 hobgoblins
  5 jackals
  8 kobolds
  3 quokkas
  A ball python skeleton (D:4)
  6 bats
  6 frilled lizards
  2 goblin zombies
  11 hobgoblin zombies
  2 jackal zombies (Ossuary)
  7 kobold zombies (Ossuary)
  10 orc zombies (Ossuary)
  A quokka zombie (D:6)
  11 rats
  A rat zombie (Ossuary)
228 creatures vanquished.

Vanquished Creatures (others)
  A hound (D:7)
1 creature vanquished.

Grand Total: 229 creatures vanquished

Notes
Turn   | Place    | Note
-------+----------+-------------------------------------------
     0 | D:1      | nikopol the Deep Elf Fire Elementalist began the quest for the Orb.
     0 | D:1      | Reached XP level 1. HP: 10/10 MP: 6/6
    48 | D:1      | Reached XP level 2. HP: 2/15 MP: 0/8
   706 | D:1      | Reached XP level 3. HP: 19/19 MP: 8/10
   863 | D:2      | Reached skill level 4 in Spellcasting
   867 | D:2      | Learned a level 2 spell: Throw Flame
   871 | D:2      | Learned a level 3 spell: Conjure Flame
   951 | D:2      | Found a glowing golden altar of the Shining One.
   973 | D:2      | Reached XP level 4. HP: 16/24 MP: 6/12
  1636 | D:3      | Found a hide-covered altar of Uskayaw.
  1759 | D:3      | Reached XP level 5. HP: 28/28 MP: 9/14
  1947 | D:3      | Learned a level 5 spell: Fireball
  2174 | D:3      | Reached skill level 5 in Spellcasting
  2488 | D:3      | Found a blossoming altar of Fedhas.
  2584 | D:4      | Reached skill level 5 in Fire Magic
  2638 | D:4      | Reached XP level 6. HP: 32/32 MP: 12/16
  2823 | D:4      | Found Neosm's Armour Emporium.
  2824 | D:4      | Found Odi Mesch's Antique Armour Emporium.
  2873 | D:4      | Found Zoit's Assorted Antiques.
  2885 | D:4      | Noticed Robin
  3110 | D:4      | Killed Robin
  3333 | D:4      | Reached skill level 6 in Spellcasting
  3476 | D:4      | Found Nenkuwn's Magic Scroll Shop.
  3479 | D:4      | Bought a scroll of identify for 24 gold pieces
  3479 | D:4      | Bought a scroll of remove curse for 36 gold pieces
  3479 | D:4      | Bought a scroll of magic mapping for 42 gold pieces
  4009 | D:5      | Entered Level 5 of the Dungeon
  4070 | D:5      | Reached XP level 7. HP: 15/36 MP: 14/19
  4089 | D:5      | Found a glowing drain.
  4098 | D:5      | Reached skill level 7 in Spellcasting
  4101 | Sewer    | Entered a sewer
  4317 | Sewer    | Noticed Purgy
  4331 | Sewer    | Killed Purgy
  4500 | D:5      | Noticed Prince Ribbit
  4509 | D:5      | Killed Prince Ribbit
  4523 | D:5      | Found a sand-covered staircase.
  4525 | D:5      | Reached XP level 8. HP: 41/42 MP: 12/21
  4529 | Ossuary  | Entered an ossuary
  4612 | Ossuary  | Reached skill level 5 in Conjurations
  4979 | Ossuary  | Reached skill level 8 in Spellcasting
  5736 | D:5      | Found an iron altar of Okawaru.
  6268 | D:6      | Paralysed by a centaur for 2 turns
  6271 | D:6      | Reached skill level 9 in Spellcasting
  6295 | D:6      | Reached skill level 1 in Fighting
  6363 | D:6      | Reached skill level 1 in Short Blades
  6672 | D:6      | Reached XP level 9. HP: 47/47 MP: 15/24
  7203 | D:6      | Found a radiant altar of Vehumet.
  7214 | D:6      | Became a worshipper of Vehumet
  7262 | D:6      | Found a staircase to the Ecumenical Temple.
  7270 | D:6      | Reached skill level 10 in Spellcasting
  7289 | D:6      | Found a shimmering altar of Xom.
  8043 | D:7      | Noticed Pikel
  8045 | D:7      | Killed Pikel
  8045 | D:7      | Reached skill level 5 in Dodging
  8154 | D:7      | Noticed Dowan
  8159 | D:7      | Killed Dowan
  8160 | D:7      | Noticed Duvessa
  8161 | D:7      | Reached skill level 11 in Spellcasting
  8179 | D:6      | Noticed Duvessa
  8179 | D:6      | Duvessa changed into Duvessa the tengu
  8179 | D:6      | Slain by a bullfrog

Vault maps used:
D:1:      scummos_arrival_hexagon
D:2:      tso_oasis_becter, first_bread, minmay_snake_closets
D:3:      overflow_temple_1_default, nicolae_overflow_hidden_temple
D:4:      serial_shops, nicolae_shop_window_shopping, kennysheep_mini_moat,
          nicolae_shop_statue_plus, shop, minmay_misc_feat_rows, uniq_robin
D:5:      nicolae_overflow_crystal_walls, portal_sewer_entry_d,
          nicolae_ossuary_entry_giza, uniq_prince_ribbit1
D:6:      lemuel_crystal_altar, minmay_temple_entry_large_hall, basic_altar
D:7:      marbit_many_paths, uniq_pikel, uniq_duvessa
Sewer:    kennysheep_door_sewer
Ossuary:  ossuary_tomb_1

Skill      XL: |  1  2  3  4  5  6  7  8  9 |
---------------+----------------------------+-----
Fire Magic     | 4 5 6 7 8 |  8.5
Spellcasting   | 4 5 6 7 9 11 | 11.0
Stealth        | 3 |  3.7
Conjurations   | 2 3 4 6 7 |  7.5
Dodging        | 3 5 |  5.2
Fighting       | 1 |  1.4
Short Blades   | 1 |  1.9
Evocations     | |  0.9

Action                   |  1- 3 |  4- 6 |  7- 9 || total
-------------------------+-------+-------+-------++-------
Melee: Dagger            |       |       |    74 ||    74
 Cast: Flame Tongue      |    58 |   145 |   267 ||   470
       Throw Flame       |       |    20 |    38 ||    58
       Conjure Flame     |       |     6 |     2 ||     8
       Fireball          |       |       |     7 ||     7
Evoke: Wand              |       |       |     4 ||     4
  Use: Scroll            |       |     5 |     5 ||    10
  Eat: Chunk             |       |     9 |     4 ||    13
       Fruit             |       |       |     1 ||     1
       Bread ration      |       |       |     2 ||     2
Armor: Robe              |     7 |     7 |    62 ||    76
Dodge: Dodged            |    16 |    28 |   123 ||   167

Table legend:
 A = Spawn XP
 B = Non-spawn XP
 C = Spawn XP percentage of total XP
 D = Spawn monster count
 E = Non-spawn monster count
 F = Spawn count percentage of total count
 G = Total turns spent on level
                    A         B        C        D         E        F      G
               +---------+---------+-------+---------+---------+-------+---------
         Total |       0 |    5005 |   0.0 |       0 |     225 |   0.0 |  8179
               +---------+---------+-------+---------+---------+-------+---------
           D:1 |       0 |      42 |   0.0 |       0 |      26 |   0.0 |   816
           D:2 |       0 |     147 |   0.0 |       0 |      31 |   0.0 |   903
           D:3 |       0 |     166 |   0.0 |       0 |      29 |   0.0 |  1053
           D:4 |       0 |     360 |   0.0 |       0 |      29 |   0.0 |  1276
           D:5 |       0 |    1027 |   0.0 |       0 |      25 |   0.0 |  1190
           D:6 |       0 |    1905 |   0.0 |       0 |      34 |   0.0 |  1529
           D:7 |       0 |     921 |   0.0 |       0 |       7 |   0.0 |   152
         Sewer |       0 |     137 |   0.0 |       0 |       6 |   0.0 |   391
       Ossuary |       0 |     300 |   0.0 |       0 |      38 |   0.0 |   869
               +---------+---------+-------+---------+---------+-------+---------
